 Dungeon Crawl Stone Soup version 0.29-a0-341-g24ffce5b50 (webtiles) character file.

Game seed: 8509820824908626169

60 jimonade the Magician (level 4, -2/32 HPs)
             Began as a Gnoll Hedge Wizard on Apr 21, 2022.
             Slain by an adder (4 damage)
             ... on level 2 of the Dungeon.
             The game lasted 00:03:53 (1923 turns).

jimonade the Magician (Gnoll Hedge Wizard)          Turns: 1923, Time: 00:03:53

Health: -2/32      AC:  3    Str: 11    XL:     4   Next: 6%
Magic:  6/13       EV: 13    Int: 14    God:
Gold:   112        SH:  0    Dex: 11    Spells: 16/17 levels left

rFire   . . .      SeeInvis .   a - +0 dagger
rCold   . . .      Faith    .   (no shield)
rNeg    . . .      Spirit   .   b - +0 robe
rPois   .          Reflect  .   o - +0 helmet
rElec   .          Harm     .   (no cloak)
rCorr   .          Rampage  .   (no gloves)
Will    .....                   (no boots)
Stlth   ++........              (no amulet)
HPRegen 0.10/turn               (no ring)
MPRegen 0.13/turn               (no ring)

@: no status effects
A: fangs 1, strong nose, distributed training
a: no special abilities


You were on level 2 of the Dungeon.
You visited 1 branch of the dungeon, and saw 2 of its levels.

You collected 112 gold pieces.

Inventory:

Hand Weapons
 a - a +0 dagger (weapon)
 f - a +0 trident
Missiles
 k - 55 stones
Armour
 b - a +0 robe (worn)
 c - a +0 hat
 h - a +0 chain mail
 m - a +0 scale mail
 o - a +0 helmet (worn)
Magical Staves
 n - a staff of air
Scrolls
 g - a scroll of magic mapping {unknown}
 j - a scroll of identify
 p - a scroll of immolation {unknown}
 q - a scroll of blinking {unknown}
Potions
 d - a potion of magic
 i - a potion of attraction
 l - a potion of ambrosia {unknown}


   Skills:
 + Level 1.0 Fighting
 + Level 1.0 Short Blades
 + Level 1.0 Long Blades
 + Level 1.0 Axes
 + Level 1.0 Maces & Flails
 + Level 1.0 Polearms
 + Level 1.0 Staves
 + Level 1.0 Slings
 + Level 1.0 Bows
 + Level 1.0 Crossbows
 + Level 1.0 Throwing
 + Level 1.0 Armour
 + Level 4.6 Dodging
 + Level 4.2 Stealth
 + Level 1.0 Shields
 + Level 1.0 Unarmed Combat
 + Level 7.2 Spellcasting
 + Level 2.2 Conjurations
 + Level 0.7 Hexes
 + Level 2.2 Summonings
 + Level 0.7 Necromancy
 + Level 2.2 Translocations
 + Level 0.7 Transmutations
 + Level 0.7 Fire Magic
 + Level 0.7 Ice Magic
 + Level 0.7 Air Magic
 + Level 0.7 Earth Magic
 + Level 0.7 Poison Magic
 + Level 1.1 Invocations
 + Level 1.0 Evocations


You had 16 spell levels left.
You knew the following spells:

 Your Spells              Type           Power      Damage    Failure   Level
a - Magic Dart            Conj           44%        1d5       5%          1

Your spell library contained the following spells:

 Spells                   Type           Power      Damage    Failure   Level
 Blink                    Tloc           22%        N/A       9%          2
 Call Imp                 Summ           11%        N/A       9%          2
 Slow                     Hex            28%        N/A       11%         1
 Conjure Flame            Conj/Fire      9%         6-21      22%         3
 Mephitic Cloud           Conj/Pois/Air  8%         N/A       26%         3


Dungeon Overview and Level Annotations

Branches:
Dungeon (2/15)

Altars:

Shops:
D:1 *


Innate Abilities, Weirdness & Mutations

You have very sharp teeth.
Your uncanny sense of smell can sniff out nearby items.
Your experience applies equally to all skills.


Message History

The gnoll is almost dead.
The gnoll closely misses you.
You hit the gnoll but do no damage.
The gnoll is almost dead.
The gnoll misses you.
You barely miss the gnoll. Your bite misses the gnoll.
The gnoll is almost dead.
The gnoll hits you with a +0 whip.
* * * LOW HITPOINT WARNING * * *
You hit the gnoll.
You kill the gnoll!
You have reached level 4!
You feel clever.
Okay, then.
As you read the scroll labelled QALICENUOT, it crumbles to dust.
It is a scroll of identify.
i - a potion of attraction The adder bites you.
* * * LOW HITPOINT WARNING * * *
The adder barely misses you.
The gnoll hits you from afar with a +0 spear.
* * * LOW HITPOINT WARNING * * *
Okay, then.
Okay, then.
As you read the scroll labelled KIBBE DODO, it crumbles to dust.
You assume a fearsome visage.
The adder looks frightened!
The gnoll looks frightened! x2; It was a scroll of fear.
Cornered, the adder turns to fight!
The adder bites you but does no damage. The adder bites you but does no damage.
The adder attacks as you move away! The adder bites you.
* * * LOW HITPOINT WARNING * * *
The adder closely misses you. The adder attacks as you move away!
The adder barely misses you. The adder attacks as you move away!
The adder bites you but does no damage. The adder misses you.
The adder attacks as you move away! The adder misses you. The adder misses you.
The adder bites you.
You die...

##### #...# #####
#...########...#
##..............#######
##.....#######.........#
......## #..######.#
####.## #..#### #.#
#..@..###.# #.#
#...S.....# #+#
#####.##### ######.##
#.......# #..##...#
.........####...#.#.#
.........+........#.#
...S.....####...#.#.#


You could see an adder.

Vanquished Creatures
  2 gnolls (D:2)
  A dart slug (D:1)
  4 ball pythons (D:1)
  5 endoplasms
  2 giant cockroaches
  5 goblins
  4 hobgoblins (D:1)
  A quokka (D:1)
  6 bats
  2 frilled lizards (D:2)
  2 kobolds
  A rat (D:1)
35 creatures vanquished.

Notes
Turn   | Place    | Note
-------+----------+-------------------------------------------
     0 | D:1      | jimonade the Gnoll Hedge Wizard began the quest for the
                  | Orb.
     0 | D:1      | Reached XP level 1. HP: 13/13 MP: 8/8
   187 | D:1      | Reached XP level 2. HP: 19/19 MP: 5/10
   368 | D:1      | Found Julleawy's General Store.
   639 | D:1      | Reached XP level 3. HP: 23/25 MP: 1/11
  1244 | D:2      | Noticed a golden eye
  1252 | D:2      | Noticed a great orb of eyes
  1254 | D:2      | Found a faded altar of an unknown god.
  1256 | D:2      | Noticed a great orb of eyes
  1256 | D:2      | Noticed an eye of devastation
  1639 | D:2      | Reached skill level 1 in Invocations
  1889 | D:2      | Reached skill level 1 in Fighting
  1889 | D:2      | Reached skill level 1 in Short Blades
  1889 | D:2      | Reached skill level 1 in Long Blades
  1889 | D:2      | Reached skill level 1 in Axes
  1889 | D:2      | Reached skill level 1 in Maces & Flails
  1889 | D:2      | Reached skill level 1 in Polearms
  1889 | D:2      | Reached skill level 1 in Staves
  1889 | D:2      | Reached skill level 1 in Slings
  1889 | D:2      | Reached skill level 1 in Bows
  1889 | D:2      | Reached skill level 1 in Crossbows
  1889 | D:2      | Reached skill level 1 in Throwing
  1889 | D:2      | Reached skill level 1 in Armour
  1889 | D:2      | Reached skill level 1 in Shields
  1889 | D:2      | Reached skill level 1 in Unarmed Combat
  1889 | D:2      | Reached skill level 1 in Evocations
  1905 | D:2      | Reached XP level 4. HP: 4/32 MP: 3/13
  1905 | D:2      | HP: 1/32 [gnoll/+0 spear (1)]
  1913 | D:2      | HP: 1/32 [adder (1)]
  1923 | D:2      | Slain by an adder

Illustrated notes

Levels and vault maps discovered:
D:1:      shiori_arrival_oz, layout_loops_ring, serial_shops, shop
D:2:      layout_loops_corners, hellmonk_ecumenical_altar_watching_god,
          minmay_misc_feat_room

Skill      XL: |  1  2  3 |
---------------+----------+-----
Conjurations   | 2 |  2.2
Summonings     | 2 |  2.2
Translocations | 2 |  2.2
Invocations    | 1 |  1.1
Fighting       | 1 |  1.0
Short Blades   | 1 |  1.0
Long Blades    | 1 |  1.0
Axes           | 1 |  1.0
Maces & Flails | 1 |  1.0
Polearms       | 1 |  1.0
Staves         | 1 |  1.0
Slings         | 1 |  1.0
Bows           | 1 |  1.0
Crossbows      | 1 |  1.0
Throwing       | 1 |  1.0
Armour         | 1 |  1.0
Shields        | 1 |  1.0
Unarmed Combat | 1 |  1.0
Evocations     | 1 |  1.0
Dodging        | |  4.6
Stealth        | |  4.2
Spellcasting   | |  7.2
Hexes          | |  0.7
Necromancy     | |  0.7
Transmutations | |  0.7
Fire Magic     | |  0.7
Ice Magic      | |  0.7
Air Magic      | |  0.7
Earth Magic    | |  0.7
Poison Magic   | |  0.7

Action                   |  1- 3 |  4- 6 || total
-------------------------+-------+-------++-------
Melee: Dagger            |    26 |       ||    26
       Bite              |     2 |       ||     2
 Cast: Magic Dart        |    76 |       ||    76
  Use: Scroll            |       |     2 ||     2
 Stab: Sleeping          |     2 |       ||     2
Armor: Robe              |     5 |     3 ||     8
Dodge: Dodged            |    39 |     6 ||    45

Table legend: (Time is in decaauts)
 A = Elapsed time spent in this place.
 B = Non-inter-level travel time spent in this place.
 C = Inter-level travel time spent in this place.
 D = Time resting spent in this place.
 E = Time spent auto-exploring this place.
 F = Levels seen in this place.
 G = Mean time per level.
                   A        B        C        D        E       F      G
               +--------+--------+--------+--------+--------+-----+--------+
         Total |   1921 |   1899 |     22 |      0 |   1574 |   2 |  960.5 |
       Dungeon |   1921 |   1899 |     22 |      0 |   1574 |   2 |  960.5 |
               +--------+--------+--------+--------+--------+-----+--------+

Top non-repeatable levels by time:
     D:1: 1041 daAuts
     D:2: 879 daAuts
